 Dungeon Crawl Stone Soup version 0.29.1-15-g9cfb28693d (webtiles) character file.

Game seed: 14622743060536080796

14 kingofthe the Conjurer (level 2, 15/15 HPs)
             Began as a Deep Elf Conjurer on Mar 9, 2023.
             Quit the game on level 1 of the Dungeon.
             The game lasted 00:01:50 (422 turns).

kingofthe the Conjurer (Deep Elf Conjurer)           Turns: 422, Time: 00:01:50

Health: 15/15      AC:  2    Str:  4    XL:     2   Next: 27%
Magic:  6/8        EV: 12    Int: 22    God:
Gold:   28         SH:  0    Dex: 13    Spells: 4/7 levels left

rFire   . . .      SeeInvis .   (no weapon)
rCold   . . .      Faith    .   (no shield)
rNeg    . . .      Spirit   .   a - +0 robe
rPois   .          Reflect  .   (no helmet)
rElec   .          Harm     .   (no cloak)
rCorr   .          Rampage  .   (no gloves)
Will    .....                   (no boots)
Stlth   ++........              (no amulet)
HPRegen 0.05/turn               (no ring)
MPRegen 0.11/turn               (no ring)

@: no status effects
A: no striking features
a: no special abilities


You were on level 1 of the Dungeon.
You visited 1 branch of the dungeon, and saw 1 of its levels.

You collected 28 gold pieces.


   Skills:
 * Level 2.8 Dodging
 + Level 2.5 Stealth
 * Level 3.3 Spellcasting
 * Level 4.6 Conjurations


You had 4 spell levels left.
You knew the following spells:

 Your Spells              Type           Power      Damage    Failure   Level
a - Magic Dart            Conj           96%        1d7       1%          1
b - Searing Ray           Conj           48%        2d6       2%          2

Your spell library contained the following spells:

 Spells                   Type           Power      Damage    Failure   Level
 Dazzling Flash           Conj/Hex       26%        N/A       14%         3
 Fulminant Prism          Conj/Hex       6%         3d7       43%         4
 Iskenderun's Mystic Bla  Conj/Tloc      13%        2d5       43%         4

Inventory:

Armour
 a - a +0 robe (worn)
Potions
 b - a potion of magic
 c - a potion of lignification {unknown}
 d - 2 potions of curing {unknown}

Dungeon Overview and Level Annotations

Branches:
Dungeon (1/15)

Altars:

#.>........
†...................
#########.. .......#
####.#.#.# #..#.#.#####
#.....##>###.......?...
###.##.##......#.#....>.
.#..###.# #..........?(.
...####.# #.#......$....
##.# #..# #.#.#.@# #.#
#.####.#.#..#
##.###.##........#
'...#..<#..[..##.#
##....###.....##.#
####.## #.....##.# # #.#
#.....##.# # #.##
#....###.# # ##.#
#.....# ..


There were no monsters in sight!


Message History

Found a stone staircase leading down.
The magic dart hits the kobold.
The kobold is heavily wounded.
The kobold shouts!
A rat comes into view.
The magic dart hits the kobold.
You kill the kobold!
You can't see any susceptible monsters within range! (Use Z to cast anyway.)
You can't see any susceptible monsters within range! (Use Z to cast anyway.) Save game and exit?
Leave a message: Saving game... please wait.
Welcome back, kingofthe the Deep Elf Conjurer.
Press ? for a list of commands and other information.
A faint voice whispers; Rip You can't see any susceptible monsters within range! (Use Z to cast anyway.) Save game and exit?
Okay, then.
Unknown command.
Unknown command.
Save game and exit?
Okay, then.
Unknown command.
Save game and exit?
Leave a message: Saving game... please wait.
Welcome back, kingofthe the Deep Elf Conjurer.
Press ? for a list of commands and other information.
A faint voice whispers; Whoops Are you sure you want to abandon this character and quit the game? (Confirm with "yes".)

Action                   || total
-------------------------++-------
 Cast: Magic Dart        ||    27
Armor: Robe              ||     1

Levels and vault maps discovered:
D:1:      dpeg_arrival_round_a, layout_rooms, serial_shops, shop, serial_glass,
          glass_columns_a, glass_columns_a

Notes
Turn   | Place    | Note
-------+----------+-------------------------------------------
     0 | D:1      | kingofthe the Deep Elf Conjurer began the quest for the
                  | Orb.
     0 | D:1      | Reached XP level 1. HP: 10/10 MP: 6/6
   228 | D:1      | Reached XP level 2. HP: 15/15 MP: 4/8
   231 | D:1      | Learned a level 2 spell: Searing Ray
   422 | D:1      | Quit the game

Vanquished Creatures
  2 ball pythons (D:1)
  2 endoplasms (D:1)
  A giant cockroach (D:1)
  2 hobgoblins (D:1)
  A kobold (D:1)
  2 bats (D:1)
  2 rats (D:1)
12 creatures vanquished.

Table legend: (Time is in decaauts)
 A = Elapsed time spent in this place.
 B = Non-inter-level travel time spent in this place.
 C = Inter-level travel time spent in this place.
 D = Time resting spent in this place.
 E = Time spent auto-exploring this place.
 F = Levels seen in this place.
 G = Mean time per level.
                   A        B        C        D        E       F      G
               +--------+--------+--------+--------+--------+-----+--------+
         Total |    422 |    422 |      0 |      0 |    369 |   1 |  422.0 |
       Dungeon |    422 |    422 |      0 |      0 |    369 |   1 |  422.0 |
               +--------+--------+--------+--------+--------+-----+--------+

Top non-repeatable levels by time:
     D:1: 422 daAuts

Table legend:
 A = Non-vault XP
 B = Vault XP
 C = Vault XP percentage of total XP
 D = Non-vault monster count
 E = Vault monster count
 F = Vault count percentage of total count
                 A         B        C        D         E       F
            +---------+---------+-------+---------+---------+-------
      Total |      20 |       0 |   0.0 |      12 |       0 |   0.0
            +---------+---------+-------+---------+---------+-------
        D:1 |      20 |       0 |   0.0 |      12 |       0 |   0.0
            +---------+---------+-------+---------+---------+-------
